 Dungeon Crawl Stone Soup version 0.24-a0-179-g7a2c91a (webtiles) character file.

Game seed: 8571435752734867176

264 Inarius the Sneak (level 5, -1/41 HPs)
             Began as a Demonspawn Assassin on Mar 13, 2019.
             Slain by a sky beast (5 damage)
             ... on level 4 of the Dungeon.
             The game lasted 00:04:15 (3248 turns).

Inarius the Sneak (Demonspawn Assassin)             Turns: 3248, Time: 00:04:15

Health: -1/41      AC:  7    Str: 12    XL:     5   Next: 98%
Magic:  5/5        EV: 12    Int: 12    God:
Gold:   128        SH:  0    Dex: 15    Spells: 4/4 levels left

rFire    . . .     SeeInvis .   b - +0 blowgun
rCold    . . .     Gourm    .   (no shield)
rNeg     . . .     Faith    .   c - +0 robe
rPois    .         Spirit   .   (helmet restricted)
rElec    .         Reflect  .   v - +0 cloak
rCorr    .         Harm     .   (no gloves)
MR       +....                  (no boots)
Stlth    +++.......             (no amulet)
HPRegen  0.13/turn              (no ring)
MPRegen  0.09/turn              x - ring of protection from magic

@: drained
A: antennae 1, iridescent scales 2, powered by pain 1
a: no special abilities


You were on level 4 of the Dungeon.
You were not hungry.

You visited 1 branch of the dungeon, and saw 4 of its levels.

You collected 128 gold pieces.

Inventory:

Hand Weapons
 a - a +2 dagger
 b - a +0 blowgun (weapon)
 r - a +0 dagger of electrocution
Missiles
 e - 24 poisoned needles (quivered)
 f - 2 curare-tipped needles
Armour
 c - a +0 robe (worn)
 d - a +0 cloak
 v - a +0 cloak (worn)
Jewellery
 x - a ring of protection from magic (right hand)
Scrolls
 j - 2 scrolls of identify {unknown}
 k - a scroll of teleportation {unknown}
 n - 5 scrolls of remove curse {unknown}
 p - a scroll of fog {unknown}
 s - a scroll of enchant armour {unknown}
 w - a scroll of amnesia {unknown}
 y - a scroll of random uselessness {unknown}
Potions
 i - a potion of flight {unknown}
 l - a potion of heal wounds
 m - 2 potions of curing
 q - a potion of might {unknown}
 t - a potion of brilliance {unknown}
 u - a potion of degeneration {unknown}
 z - a potion of ambrosia
 A - a potion of cancellation {unknown}
Comestibles
 g - 8 rations
 h - a chunk of flesh


   Skills:
 + Level 3.0(2.3) Fighting
 + Level 3.6(2.9) Short Blades
 + Level 2.0(1.3) Throwing
 + Level 2.1(1.4) Dodging
 + Level 4.9(4.2) Stealth


You had 4 spell levels left.
You didn't know any spells.
Your spell library was empty.

Dungeon Overview and Level Annotations

Branches:
Dungeon (4/15)
 Temple: D:4-7

Altars:
Ru


Innate Abilities, Weirdness & Mutations

You have a pair of small antennae on your head.
You are mostly covered in iridescent scales. (AC +4)
You sometimes gain a little power by taking damage.


Message History

You are too injured to fight recklessly!
You are too injured to fight recklessly!
You are too injured to fight recklessly!
You are too injured to fight recklessly!
You barely miss the sky beast.
The sky beast is moderately wounded.
b - a +0 blowgun (weapon)
The sky beast flickers out of sight!
Deactivating autopickup; reactivate with Ctrl-A.
Something hits you. Something shocks you.
* * * LOW HITPOINT WARNING * * *
Firing (i - inventory. (/) - cycle)
e - 25 poisoned needles (quivered)
Press: ? - help, Shift-Dir - straight line, f - jackal
Aim: a jackal You shoot a poisoned needle.
The poisoned needle barely misses the jackal.
Something hits you.
* * * LOW HITPOINT WARNING * * *
Something shocks you.
You die...

##..######..#)##...##,,,,* *
##..## #.'....##.....##,,** **
#..#####.#....#.......#*+** ***,
..####...##..##(..8...#*,,****,,*
.## #....###+##(......#,,,,**,,**
## ##.....##..##.....##,,,,*,,**
# #.....>#.(.w##...##+*,,*****
#......#..hh{#'###,,****,* ##
#......##,,##@.##,,,,**,,*
.###.......####....+,,,,*,,**
...#..........#....#*,,**,**
..............##..##****,,*
......รท......#*#### *,,,,***
.............#**** *,,,,,,***
....#..#####..,,,*****,,,,,,,,**
..###### *****,,,,,,,,,,,,,,,**
.## *****,,,,,,,,,,,,,


You could see a worm and 2 jackals.

Vanquished Creatures
  A scorpion (D:4)
  A hound (D:4)
  A hound skeleton (D:4)
  9 adders
  An ooze (D:1)
  A worm (D:4)
  3 dart slugs
  2 leopard geckos
  6 orcs
  4 giant cockroaches
  10 goblins
  6 hobgoblins
  6 jackals
  6 bats
  2 frilled lizards (D:1)
  7 kobolds
  5 rats
71 creatures vanquished.

Notes
Turn   | Place    | Note
-------+----------+-------------------------------------------
     0 | D:1      | Inarius the Demonspawn Assassin began the quest for the
                  | Orb.
     0 | D:1      | Reached XP level 1. HP: 16/16 MP: 1/1
   192 | D:1      | Reached skill level 4 in Stealth
   192 | D:1      | Gained mutation: You are partially covered in iridescent
                  | scales. (AC +2) [demonic ancestry]
   192 | D:1      | Reached XP level 2. HP: 17/22 MP: 2/2
   694 | D:1      | Gained mutation: You have a pair of small antennae on your
                  | head. [demonic ancestry]
   694 | D:1      | Reached XP level 3. HP: 18/28 MP: 3/3
  1381 | D:2      | Reached skill level 1 in Dodging
  1504 | D:2      | Gained mutation: You are mostly covered in iridescent
                  | scales. (AC +4) [demonic ancestry]
  1504 | D:2      | Reached XP level 4. HP: 32/34 MP: 4/4
  2559 | D:3      | Found a sacrificial altar of Ru.
  2636 | D:3      | Gained mutation: You sometimes gain a little power by
                  | taking damage. [demonic ancestry]
  2636 | D:3      | Reached XP level 5. HP: 36/39 MP: 5/5
  3230 | D:4      | Noticed a sky beast
  3248 | D:4      | Slain by a sky beast

Levels and vault maps discovered:
D:1:      lemuel_arrival_broad_hall, layout_loops_ring
D:2:      layout_loops_ring
D:3:      layout_basic, old_standard_altar, first_ration
D:4:      minmay_bubble_buster, layout_cave_pods, uniq_edmund

Skill      XL: |  1  2  3  4  5 |
---------------+----------------+-----
Stealth        | 4 |  4.9
Short Blades   | 2 3 |  3.6
Dodging        | 1 2 |  2.1
Throwing       | 2 |  2.0
Fighting       | 3 |  3.0

Action                   |  1- 3 |  4- 6 || total
-------------------------+-------+-------++-------
Melee: Dagger            |   120 |   224 ||   344
 Fire: Blowgun           |     7 |     3 ||    10
  Use: Potion            |       |     4 ||     4
       Scroll            |       |     1 ||     1
 Stab: Sleeping          |     6 |     4 ||    10
  Eat: Chunk             |     2 |     6 ||     8
Armor: Robe              |    39 |    66 ||   105
Dodge: Dodged            |    59 |   110 ||   169

Table legend:
 A = Non-vault XP
 B = Vault XP
 C = Vault XP percentage of total XP
 D = Non-vault monster count
 E = Vault monster count
 F = Vault count percentage of total count
                 A         B        C        D         E       F
            +---------+---------+-------+---------+---------+-------
      Total |     250 |     128 |  33.9 |      67 |       4 |   5.6
            +---------+---------+-------+---------+---------+-------
        D:1 |      49 |       0 |   0.0 |      24 |       0 |   0.0
        D:2 |      90 |       0 |   0.0 |      23 |       0 |   0.0
        D:3 |      63 |       0 |   0.0 |      13 |       0 |   0.0
        D:4 |      48 |     128 |  72.7 |       7 |       4 |  36.4
            +---------+---------+-------+---------+---------+-------
